 Dungeon Crawl Stone Soup version 0.17.0-19-gb37c632 (console) character file.

93 Kloppie the Slasher (level 4, -4/31 HPs)
             Began as a High Elf Skald on Nov 12, 2015.
             Was an Initiate of Makhleb.
             Slain by a worm (6 damage)
             ... on level 2 of the Dungeon.
             The game lasted 00:04:13 (2486 turns).

Kloppie the Slasher (High Elf Skald)                Turns: 2486, Time: 00:04:13

Health: -4/31      AC:  3    Str: 12    XL:     4   Next: 36%
Magic:  8/8        EV: 11    Int: 15    God:    Makhleb [......]
Gold:   110        SH:  0    Dex: 15    Spells: 1 memorised, 6 levels left

rFire  . . .     SeeInvis .     a - +0 falchion
rCold  . . .     Clarity  .     b - +0 leather armour
rNeg   . . .     SustAt   .     (no shield)
rPois  .         Gourm    .     (no helmet)
rElec  .         Spirit   .     (no cloak)
rCorr  .         Warding  .     (no gloves)
rMut   .         Stasis   .     (no boots)
MR     .....                    (no amulet)
Stlth  +.........               (no ring)
                                (no ring)

@: lethally poisoned (-4 -> -13), not resistant to hostile enchantments, very
unstealthy
A: no striking features
a: Renounce Religion


You were on level 2 of the Dungeon.
You worshipped Makhleb.
Makhleb was noncommittal.
You were very hungry.

You visited 1 branch of the dungeon, and saw 2 of its levels.

You collected 110 gold pieces.

Inventory:

Hand Weapons
 a - a +0 falchion (weapon)
Armour
 b - a +0 leather armour (worn)
Jewellery
 f - a cursed ring of teleportation {unknown}
 m - an uncursed amulet of warding {unknown}
Scrolls
 e - a scroll of amnesia {unknown}
 g - a scroll of noise {unknown}
 j - 2 scrolls of identify {unknown}
 k - a scroll of magic mapping {unknown}
 o - a scroll of remove curse {unknown}
Potions
 h - a potion of haste {unknown}
 n - a potion of resistance {unknown}
Books
 c - a book of Battle

   Spells                             Type                      Level
   a - Infusion                       Charms                       1
   b - Shroud of Golubria             Charms/Translocation         2
   c - Song of Slaying                Charms                       2
   d - Spectral Weapon                Hexes/Charms                 3
   e - Regeneration                   Charms/Necromancy            3
Comestibles
 d - a bread ration
 i - a meat ration


   Skills:
 + Level 3.3 Fighting
 + Level 4.5 Long Blades
 - Level 0.8 Armour
 - Level 1.1 Dodging
 - Level 2.4 Spellcasting
 - Level 3.6 Charms


You had 6 spell levels left.
You knew the following spells:

 Your Spells              Type           Power        Failure   Level  Hunger
a - Infusion              Chrm           ##....       8%          1    #......


Dungeon Overview and Level Annotations

Branches:
Dungeon (2/15)

Altars:
Makhleb


Message History

The worm barely misses you.
You hit the worm.
The worm is severely wounded.
You feel sick.
The kobold hits you with a short sword of venom.
* * * LOW HITPOINT WARNING * * *
The worm bites you but does no damage.
You are too injured to fight recklessly!
Your leather armour prevents you from hitting the kobold.
You feel sick. The kobold closely misses you.
You hit the kobold.
You kill the kobold!
Makhleb accepts your kill.
You feel sick. The worm bites you!
* * * LOW HITPOINT WARNING * * *
You barely miss the worm.
The worm is severely wounded.
* * * LOW HITPOINT WARNING * * *
You feel sick. The worm bites you.
You die...

##..# ###### #.... ##....## #.##.
...##..## #.##. .#####..# #.##.
## ##.####.##.## ## #....#.##)w#
.# ####...# #@## .## #..## #..##
..##### #..#####..#
#.....####.....###.#
...##.##...###.....####
.#........########....# .
#####.........####.##.########..#
# ###........................# #
#.#.>.....#########..######


You could see a worm.

Vanquished Creatures
  A crimson imp (D:2)
  An adder (D:2)
  2 oozes (D:1)
  A worm (D:2)
  A giant gecko (D:1)
  A ball python (D:1)
  2 giant cockroaches
  4 goblins
  2 hobgoblins
  4 jackals
  8 kobolds
  2 bats (D:1)
  4 giant newts
  4 rats
37 creatures vanquished.

Notes
Turn   | Place    | Note
--------------------------------------------------------------
     0 | D:1      | Kloppie the High Elf Skald began the quest for the Orb.
     0 | D:1      | Reached XP level 1. HP: 14/14 MP: 4/4
   161 | D:1      | Reached XP level 2. HP: 4/20 MP: 6/6
  1173 | D:1      | Reached XP level 3. HP: 20/25 MP: 7/7
  1512 | D:2      | Reached skill level 4 in Long Blades
  1920 | D:2      | Found a burning altar of Makhleb.
  1980 | D:2      | Reached XP level 4. HP: 3/31 MP: 3/8
  2261 | D:2      | Became a worshipper of Makhleb the Destroyer
  2486 | D:2      | Slain by a worm

Action                   |  1- 3 |  4- 6 || total
-------------------------+-------+-------++-------
Melee: Falchion          |   145 |    17 ||   162
 Cast: Infusion          |     5 |       ||     5
 Stab: Sleeping          |     3 |       ||     3
  Eat: Chunk             |     3 |     1 ||     4
